 Dungeon Crawl Stone Soup version 0.30-a0-368-g86fb4627a9 (webtiles) character file.

Game seed: 7935828122337756525

46 Shayle the Conjurer (level 3, 0/34 HPs)
             Began as a Naga Reaver on Nov 18, 2022.
             Slain by a shadow imp (2 damage)
             ... summoned by Natasha
             ... on level 2 of the Dungeon.
             The game lasted 00:05:19 (1339 turns).

Shayle the Conjurer (Naga Reaver)                   Turns: 1339, Time: 00:05:19

Health: 0/34       AC:  3    Str: 14    XL:     3   Next: 66%
Magic:  6/6        EV:  9    Int: 15    God:
Gold:   93         SH:  0    Dex:  7    Spells: 5/6 levels left

rFire   . . .      SeeInvis +    a - +0 hand axe
rCold   . . .      Faith    .    (no shield)
rNeg    . . .      Spirit   .    b - +0 leather armour
rPois   +          Reflect  .    d - +1 hat
rElec   .          Harm     .    (no cloak)
rCorr   +          Rampage  .    (no gloves)
Will    .....                    (no barding)
Stlth   +.........               (no amulet)
HPRegen 0.25/turn                s - ring of resist corrosion
MPRegen 0.10/turn                (no ring)

@: attractive, flying, slowed, very slow
A: AC +1, large, see invisible, deformed body, poison resistance, slowness 2,
spit poison 1, naga tail 1, clumsy 1, mutation resistance 1
a: Spit Poison


You were on level 2 of the Dungeon.
You visited 1 branch of the dungeon, and saw 2 of its levels.

You collected 93 gold pieces.

Inventory:

Hand Weapons
 a - a +0 hand axe (weapon)
Missiles
 f - 5 boomerangs of dispersal
Armour
 b - a +0 leather armour (worn)
 d - a +1 hat (worn)
Jewellery
 e - a ring of ice
 s - a ring of resist corrosion (left hand)
Wands
 r - a wand of charming (11)
Scrolls
 g - a scroll of acquirement {unknown}
 h - a scroll of fear {unknown}
 k - a scroll of immolation
 l - a scroll of summoning {unknown}
 m - 2 scrolls of amnesia {unknown}
 n - a scroll of vulnerability {unknown}
 o - 2 scrolls of identify {unknown}
 q - a scroll of teleportation {unknown}
 t - a scroll of noise {unknown}
Potions
 c - a potion of attraction
 i - a potion of mutation


   Skills:
 + Level 3.0 Fighting
 - Level 3.0 Axes
 + Level 2.5 Dodging
 - Level 2.0 Spellcasting
 - Level 3.0 Conjurations


You had 5 spell levels left.
You knew the following spells:

 Your Spells              Type           Power      Damage    Failure   Level
a - Kiss of Death         Conj/Necr      24%        2d7       16%         1

Your spell library contained the following spells:

 Spells                   Type           Power      Damage    Failure   Level
 Momentum Strike          Conj/Tloc      12%        3d8       22%         2
 Hailstorm                Conj/Ice       6%         3d4       41%         3
 Confusing Touch          Hex            1%         N/A       63%         3
 Dispel Undead            Necr           1%         3d6       95%         4


Dungeon Overview and Level Annotations

Branches:
Dungeon (2/15)

Altars:

Annotations:
D:2 Natasha


Innate Abilities, Weirdness & Mutations

Your serpentine skin is tough. (AC +1)
You have supernaturally acute eyesight. (SInv)
Armour fits poorly on your strangely shaped body.
Your system is resistant to poisons. (rPois)
You cover ground very slowly.
You can spit poison.
You have a snake-like lower body.
You are clumsy. (Dex -2)
You are somewhat resistant to further mutation.


Message History

There is an open door here.
Natasha stares at you and mumbles some strange words.
You feel yourself slow down.
You have got your breath back.
Aiming: Spit Poison (2% risk of failure)
Press: ? - help, Shift-Dir - straight line, f - Natasha
Aim: Natasha (50% to hit)
The splash of poison hits Natasha.
Natasha is poisoned.
Natasha is lightly wounded.
You barely miss Natasha.
Natasha is moderately wounded.
Natasha casts a spell at you. The magic dart hits you!
Natasha claws you but does no damage.
You barely miss Natasha. Your punch misses Natasha.
Natasha is moderately wounded.
You have got your breath back.
Natasha claws you! Natasha claws you.
You hit Natasha but do no damage.
Natasha is moderately wounded.
Natasha barely misses you. x2
You hit Natasha.
Natasha is severely wounded.
Natasha looks more healthy.
Natasha barely misses you.
It was a potion of mutation.
You feel extremely strange.
You feel clumsy.
You feel genetically stable. Natasha claws you. Natasha claws you!
* * * LOW HITPOINT WARNING * * *
It was a potion of attraction.
You feel attractive to monsters. Natasha claws you.
* * * LOW HITPOINT WARNING * * *
It was a potion of flight.
You feel very buoyant.
You fly up into the air.
Natasha claws you.
* * * LOW HITPOINT WARNING * * *
Natasha casts a spell.
The shadow imp is attracted toward you.
It was a potion of magic.
Magic courses through your body. Natasha closely misses you.
The shadow imp hits you.
You die...

..≈≈.# ..........# .~~~.## ...
.... # .~~~.~# .....!##.# ###
.~~~..# #.#....?#!# #..
~~~~..##. #..)......# #.#
~~≈≈~.#.. #.# #.# .~~~..#.#
##'## #.# ~~~~..#.# ##h..## #.#
..~~~~#.## ##@5.§.## ##.#
~.~≈.~#..## ##.......## ##..##
.~~~..#...####.........####....#
..~≈...).....'.........'.......#
~.≈≈.##...####.........####....#
#.≈≈..#..######.......## ##.#.#
##≈≈#...)...# ##.....## ###.#
#≈≈#.#.###.# ##...## #.#
≈≈##.#.# #.# ##'## #.#


You could see Natasha and a shadow imp (summoned).

Vanquished Creatures
  An adder (D:2)
  A dart slug (D:2)
  3 endoplasms (D:1)
  3 goblins
  4 hobgoblins
  2 jackals (D:1)
  4 quokkas
  3 ball pythons
  2 frilled lizards (D:1)
  5 kobolds
  4 rats
32 creatures vanquished.

Notes
Turn   | Place    | Note
-------+----------+-------------------------------------------
     0 | D:1      | Shayle the Naga Reaver began the quest for the Orb.
     0 | D:1      | Reached XP level 1. HP: 19/19 MP: 3/3
   299 | D:1      | Reached XP level 2. HP: 21/27 MP: 5/5
   414 | D:1      | Found a faded altar of an unknown god.
   899 | D:2      | Reached XP level 3. HP: 33/33 MP: 6/6
  1326 | D:2      | Noticed Natasha
  1336 | D:2      | Gained mutation: You are clumsy. (Dex -2) [potion of
                  | mutation]
  1336 | D:2      | Gained mutation: You are somewhat resistant to further
                  | mutation. [potion of mutation]
  1339 | D:2      | Slain by a shadow imp

Illustrated notes

Levels and vault maps discovered:
D:1:      tarquinn_simple_flora_water_a, layout_loops_ring,
          hellmonk_ecumenical_altar_blasted, dk_noncrumbling_3,
          roderic_roman_lattice
D:2:      layout_loops_corners, chequers_serial_rivers_small_3,
          minmay_goblin_kobold_house, uniq_natasha

Skill      XL: |  1  2  3 |
---------------+----------+-----
Dodging        | 2 |  2.5
Fighting       | 3 |  3.0
Axes           | |  3.0
Spellcasting   | |  2.0
Conjurations   | |  3.0

Action                   || total
-------------------------++-------
Melee: Hand axe          ||    69
 Abil: Spit Poison       ||    27
  Use: Potion            ||     4
Armor: Leather armour    ||    19
Dodge: Dodged            ||    36

Table legend: (Time is in decaauts)
 A = Elapsed time spent in this place.
 B = Non-inter-level travel time spent in this place.
 C = Inter-level travel time spent in this place.
 D = Time resting spent in this place.
 E = Time spent auto-exploring this place.
 F = Levels seen in this place.
 G = Mean time per level.
                   A        B        C        D        E       F      G
               +--------+--------+--------+--------+--------+-----+--------+
         Total |   1799 |   1765 |     34 |      5 |   1313 |   2 |  899.5 |
       Dungeon |   1799 |   1765 |     34 |      5 |   1313 |   2 |  899.5 |
               +--------+--------+--------+--------+--------+-----+--------+

Top non-repeatable levels by time:
     D:1: 1203 daAuts
     D:2: 595 daAuts
